 Dungeon Crawl Stone Soup version 0.30-a0-672-gc3a7216ad8 (webtiles) character file.

Game seed: 9110607245775796786

37 wormed the Sneak (level 3, 0/23 HPs)
             Began as a Kobold Delver on Jan 18, 2023.
             Slain by an orc priest
             ... wielding a +0 hand axe
              (2 damage)
             ... on level 3 of the Dungeon.
             The game lasted 00:01:16 (357 turns).

wormed the Sneak (Kobold Delver)                     Turns: 357, Time: 00:01:16

Health: 0/23       AC:  3    Str:  9    XL:     3   Next: 60%
Magic:  3/3        EV: 15    Int: 11    God:
Gold:   41         SH:  0    Dex: 18    Spells: 2/2 levels left

rFire   . . .      SeeInvis .    a - +0 short sword
rCold   . . .      Faith    .    (no shield)
rNeg    . . .      Spirit   .    b - +0 leather armour
rPois   .          Reflect  .    (no helmet)
rElec   .          Harm     .    (no cloak)
rCorr   .          Rampage  .    (no gloves)
Will    .....                    (no boots)
Stlth   ++++                     (no amulet)
HPRegen 0.23/turn                (no ring)
MPRegen 0.08/turn                (no ring)

@: hasted, very quick
A: small, no large weapons, nightstalker 3
a: no special abilities


You were on level 3 of the Dungeon.
You visited 1 branch of the dungeon, and saw 3 of its levels.

You collected 41 gold pieces.

Inventory:

Hand Weapons
 a - a +0 short sword (weapon)
Armour
 b - a +0 leather armour (worn)
Wands
 g - a wand of digging (3)
Scrolls
 c - 2 scrolls of fog
 d - a scroll of identify {unknown}
 h - a scroll of vulnerability {unknown}
 j - a scroll of teleportation {unknown}
Potions
 i - a potion of flight {unknown}


   Skills:
 + Level 3.6 Fighting
 * Level 3.7 Short Blades
 + Level 2.9 Dodging
 + Level 6.9 Stealth


You had 2 spell levels left.
You didn't know any spells.
Your spell library was empty.

Dungeon Overview and Level Annotations

Branches:
Dungeon (5/15)
 Temple: D:4-7

Altars:

Shops:
D:4 *

Annotations:
D:4 Edmund


Innate Abilities, Weirdness & Mutations

You are small and have problems with some larger weapons.
You are completely attuned to the shadows.


Message History

You kill the orc!
The hobgoblin barely misses you.
You hit the orc.
The orc is heavily wounded.
The hobgoblin hits you. The orc hits you with a +0 mace.
A dart slug comes into view.
You hit the orc.
You kill the orc!
The hobgoblin barely misses you.
You hit the hobgoblin.
The hobgoblin is almost dead.
You hit the orc priest but do no damage.
The hobgoblin closely misses you.
The orc priest invokes the aid of Beogh against you.
Pain shoots through your body!
You hit the orc priest but do no damage.
The hobgoblin misses you.
The orc priest hits you with a +0 hand axe.
* * * LOW HITPOINT WARNING * * *
You closely miss the orc priest. The hobgoblin completely misses you.
The orc priest begins to cast a cantrip, but forgets the words!
An orc comes into view. It is wielding a +0 hand axe.
You feel yourself speed up. The orc priest misses you.
The hobgoblin closely misses you.
You hit the orc priest.
The orc priest is lightly wounded.
You hit the orc priest.
The orc priest is moderately wounded.
The hobgoblin misses you. The orc priest barely misses you.
You hit the orc priest.
The orc priest is moderately wounded.
The hobgoblin closely misses you.
The orc priest hits you with a +0 hand axe.
* * * LOW HITPOINT WARNING * * *
You hit the hobgoblin but do no damage.
The hobgoblin is severely wounded.
You hit the hobgoblin.
You kill the hobgoblin!
The orc priest hits you with a +0 hand axe.
You die...

# #.#... .######.# #...#
#.#...
......#.####...#####.....
...†....#.........#......
.......##................
.####..##.........##....>
#..o@......#####..#.#
#..w##.#...# #.....
##..##.#...# ##.#.#
#..##.##### #.#)# #..##.#
#.#.# #.# #.#.. ###


You could see an orc priest and a dart slug.

Vanquished Creatures
  A gnoll (D:4)
  An adder (D:3)
  A dart slug (D:3)
  2 orcs (D:3)
  An endoplasm (D:3)
  A giant cockroach (D:3)
  A goblin (D:3)
  2 hobgoblins (D:3)
  2 kobolds (D:3)
  3 ball pythons (D:3)
15 creatures vanquished.

Notes
Turn   | Place    | Note
-------+----------+-------------------------------------------
     0 | D:5      | wormed the Kobold Delver began the quest for the Orb.
     0 | D:5      | Reached XP level 1. HP: 14/14 MP: 1/1
    51 | D:4      | Found Uxaabikh's Assorted Antiques.
   167 | D:4      | Reached XP level 2. HP: 19/19 MP: 2/2
   171 | D:4      | Noticed Edmund
   308 | D:3      | Reached XP level 3. HP: 23/23 MP: 3/3
   357 | D:3      | Slain by an orc priest

Illustrated notes

Levels and vault maps discovered:
D:3:      layout_loops_ring, uniq_pargi
D:4:      layout_basic, serial_shops, nicolae_shop_statue_plus, uniq_sigmund,
          uniq_edmund
D:5:      layout_basic, gammafunk_temple_overflow_statue

Skill      XL: |  1 |
---------------+----+-----
Short Blades   | 3 |  3.7
Fighting       | |  3.6
Dodging        | |  2.9
Stealth        | |  6.9

Action                   || total
-------------------------++-------
Melee: Short sword       ||    31
  Use: Scroll            ||     2
       Potion            ||     1
 Stab: Sleeping          ||     9
Dodge: Dodged            ||    27

Table legend: (Time is in decaauts)
 A = Elapsed time spent in this place.
 B = Non-inter-level travel time spent in this place.
 C = Inter-level travel time spent in this place.
 D = Time resting spent in this place.
 E = Time spent auto-exploring this place.
 F = Levels seen in this place.
 G = Mean time per level.
                   A        B        C        D        E       F      G
               +--------+--------+--------+--------+--------+-----+--------+
         Total |    350 |    332 |     18 |      0 |    217 |   3 |  116.7 |
       Dungeon |    350 |    332 |     18 |      0 |    217 |   3 |  116.7 |
               +--------+--------+--------+--------+--------+-----+--------+

Top non-repeatable levels by time:
     D:3: 166 daAuts
     D:4: 150 daAuts
     D:5: 34 daAuts
